 Dungeon Crawl Stone Soup version 0.31-a0-702-gf82c85558f (webtiles) character file.

Game seed: 15664726276400964630

285 qw the Shooter (level 6, 0/37 HPs)
             Began as a Gargoyle Hunter on Sept 7, 2023.
             Killed from afar by Ijyb (22 damage)
             ... with a bolt of dispelling energy
             ... on level 3 of the Dungeon.
             The game lasted 00:00:44 (1635 turns).

qw the Shooter (Gargoyle Hunter)                    Turns: 1635, Time: 00:00:44

Health: 0/37       AC: 10    Str: 12 (14) XL:     6   Next: 29%
Magic:  6/6        EV: 11    Int:  7 (8)  God:
Gold:   202        SH:  0    Dex: 20 (21) Spells: 5/5 levels left

rFire   . . .        Y - +0 shortbow
rCold   . . .        (shield currently unavailable)
rNeg    + . .        e - +0 ring mail
rPois   inf          (no helmet)
rElec   +            (no cloak)
rCorr   .            (no gloves)
SInv    .            j - +0 pair of boots
Will    .....        (no amulet)
Stlth   ++           k - ring of protection from cold
HPRegen 0.26/turn    (no ring)
MPRegen 0.10/turn

%: no passive effects
@: no status effects
A: sickness immunity, AC +4, negative energy resistance 1, electricity
resistance, torment resistance 1, petrification resistance, thin skeletal
structure 1, agile 1, cold vulnerability 1
a: no special abilities


You were on level 3 of the Dungeon.
You visited 1 branch of the dungeon, and saw 3 of its levels.

You collected 202 gold pieces.


Innate Abilities, Weirdness & Mutations

You are immune to sickness and miasma.
Your stone body is resilient. (AC +4)
You are immune to poison.
You resist negative energy. (rN+)
You are resistant to electric shocks. (rElec)
You are resistant to unholy torment.
You are immune to petrification.
You have a somewhat thin skeletal structure. (Dex +2, Stealth+)
You are agile. (Dex +4, Str/Int -1)
You are vulnerable to cold. (rC-)


   Skills:
 + Level 3.6 Fighting
 - Level 6.5 Ranged Weapons
 - Level 2.0 Armour
 - Level 1.5 Dodging
 - Level 1.1 Stealth


You had 5 spell levels left.
You didn't know any spells.
Your spell library was empty.

Inventory:

Hand Weapons
 Y - a +0 shortbow (weapon)
Armour
 e - a +0 ring mail (worn)
 i - a +1 ring mail of fire resistance
 j - a +0 pair of boots (worn)
Jewellery
 k - a ring of protection from cold (left hand)
Scrolls
 a - a scroll of teleportation
 b - a scroll of amnesia {unknown}
 c - a scroll of identify
Potions
 d - 2 potions of curing
 f - a potion of brilliance {unknown}
 g - 2 potions of heal wounds {unknown}
 h - a potion of mutation

Dungeon Overview and Level Annotations

Branches:
Dungeon (3/15)

Altars:

Annotations:
D:3 Ijyb


Message History

You shoot an arrow.
The arrow hits the worm but does no damage.
The worm is almost dead.
You shoot an arrow. The arrow hits the worm.
You kill the worm!
Found a stone staircase leading down.
A goblin comes into view. It is wielding a +0 club.
You shoot an arrow. The arrow hits the goblin!
You kill the goblin!
You now have 202 gold pieces (gained 15).
Ijyb the Twisted Goblin comes into view.
She is wielding a +0 dagger and carrying a wand of quicksilver.
Ijyb shouts!
You shoot an arrow. The arrow closely misses Ijyb.
You shoot an arrow. The arrow hits Ijyb.
Ijyb is lightly wounded.
You shoot an arrow. The arrow closely misses Ijyb.
You shoot an arrow. The arrow hits Ijyb.
Ijyb is lightly wounded.
You shoot an arrow. The arrow hits Ijyb but does no damage.
Ijyb is lightly wounded.
Ijyb hits you but does no damage.
You shoot an arrow. The arrow barely misses Ijyb.
Ijyb closely misses you.
You shoot an arrow. The arrow hits Ijyb.
Ijyb is moderately wounded.
Ijyb zaps a wand.
The bolt of dispelling energy hits you!
You shoot an arrow. The arrow hits Ijyb but does no damage.
Ijyb is moderately wounded.
Ijyb barely misses you.
You shoot an arrow. The arrow hits Ijyb!
Ijyb is heavily wounded.
Ijyb zaps a wand.
The bolt of dispelling energy hits you.
You shoot an arrow. The arrow barely misses Ijyb.
Ijyb hits you with a +0 dagger.
You shoot an arrow. The arrow hits Ijyb but does no damage.
Ijyb is heavily wounded.
Ijyb misses you.
Ijyb zaps a wand.
The bolt of dispelling energy hits you!!
Ouch! That really hurt!
You die...

.........# #.[...####
.#.#.#.#.## #.........
..........### #.....##..
#.#.#.#.#..# #.....##..
..........#.# ###.####..
.#.#>#.#.##.# #.......
.........#.# #...####
.#.#.#g#.##.# #...#....
....)..@..#.###.#..##.##
.#.#.#.#.#..............
...###.#####.#.......
##...................
#############%..#.##
######%.##...
#..).........
##.####..####.
###.#.###..# #.


You could see Ijyb.

Vanquished Creatures
  Sigmund (D:2)
  Jessica (D:2)
  6 adders
  2 worms
  An orc (D:2)
  4 ball pythons
  3 endoplasms
  4 giant cockroaches
  5 hobgoblins
  7 jackals (D:1)
  2 kobolds
  2 bats (D:2)
  4 frilled lizards
  3 goblins
  5 rats
50 creatures vanquished.

Notes
Turn   | Place    | Note
-------+----------+-------------------------------------------
     0 | D:1      | qw the Gargoyle Hunter began the quest for the Orb.
     0 | D:1      | Reached XP level 1. HP: 12/12 MP: 1/1
     0 | D:1      | 0 ||| qw: Version: 0.3-a-76-g4403597
     0 | D:1      | 0 ||| qw: Game counter: 907
     0 | D:1      | 0 ||| qw: Melee chars always use a shield: true
     0 | D:1      | 0 ||| qw: God list: Okawaru
     0 | D:1      | 0 ||| qw: Allow faded altars: false
     0 | D:1      | 0 ||| qw: Do Orc after clearing Dungeon:15 true
     0 | D:1      | 0 ||| qw: Do second Lair branch before Depths: true
     0 | D:1      | 0 ||| qw: Lair rune preference: random
     0 | D:1      | 0 ||| qw: Goals: Normal
     0 | D:1      | 0 ||| PLANNING D:1-11
    74 | D:1      | Reached XP level 2. HP: 9/17 MP: 2/2
   857 | D:1      | 857 ||| UPGRADING to +0 ring mail.
   867 | D:1      | 867 ||| DROPPING +0 leather armour.
   868 | D:1      | 868 ||| UPGRADING to +0 pair of boots.
   873 | D:1      | 873 ||| READING 2 scrolls labelled KEODDI JOSIQO.
   876 | D:1      | 876 ||| READING scroll labelled AWNU GI DUXO.
   877 | D:1      | 877 ||| READING scroll labelled BUKORA XUXUITA.
   878 | D:1      | 878 ||| DRINKING 2 fizzy amethyst potions.
   879 | D:1      | 879 ||| DROPPING scroll of butterflies.
   938 | D:2      | Noticed Jessica
   942 | D:2      | Killed Jessica
   943 | D:2      | Reached XP level 3. HP: 20/21 MP: 3/3
  1043 | D:2      | Noticed Sigmund
  1044 | D:2      | 1044 ||| DRINKING 2 potions of curing.
  1044 | D:2      | 1044 ||| (to cure confusion)
  1061 | D:2      | Killed Sigmund
  1062 | D:2      | Reached skill level 6 in Ranged Weapons
  1062 | D:2      | Reached XP level 4. HP: 18/26 MP: 4/4
  1062 | D:2      | Reached XP level 5. HP: 21/30 MP: 5/5
  1377 | D:2      | 1377 ||| UPGRADING to ring of protection from cold.
  1378 | D:2      | 1378 ||| READING scroll labelled HOMUAGEURR.
  1379 | D:2      | 1379 ||| READING scroll labelled BUILUBU KOSTERE.
  1380 | D:2      | 1380 ||| DRINKING 2 yellow potions.
  1380 | D:2      | Gained mutation: You are vulnerable to cold. (rC-) [potion
                  | of mutation]
  1380 | D:2      | Gained mutation: You have a somewhat thin skeletal
                  | structure. (Dex +2, Stealth+) [potion of mutation]
  1380 | D:2      | Gained mutation: You are agile. (Dex +4, Str/Int -1)
                  | [potion of mutation]
  1381 | D:2      | 1381 ||| DRINKING 2 fuming purple potions.
  1382 | D:2      | 1382 ||| DROPPING potion of degeneration.
  1400 | D:3      | 1400 ||| STAIRDANCE
  1404 | D:2      | Reached XP level 6. HP: 33/36 MP: 6/6
  1417 | D:3      | 1417 ||| STAIRDANCE
  1445 | D:3      | Reached skill level 3 in Fighting
  1624 | D:3      | Noticed Ijyb
  1635 | D:3      | Killed from afar by Ijyb

Levels and vault maps discovered:
D:1:      dpeg_arrival_shelter, layout_loops_corners, chequers_decorated_corner
D:2:      layout_rooms, uniq_sigmund, uniq_jessica
D:3:      layout_loops_ring, serial_park_tiny_1, st_stairs_10, uniq_ijyb,
          uniq_crazy_yiuf_cottage

Skill      XL: |  1  2  3  4  5  6 |
---------------+-------------------+-----
Armour         | 2 |  2.0
Ranged Weapons | 6 |  6.5
Fighting       | 3 |  3.6
Dodging        | |  1.5
Stealth        | |  1.1

Action                     |  1- 3 |  4- 6 || total
---------------------------+-------+-------++-------
   Fire: Shortbow          |    91 |    75 ||   166
    Use: Scroll            |     3 |     2 ||     5
         Potion            |     2 |     2 ||     4
 Armour: Leather armour    |    35 |       ||    35
         Ring mail         |    10 |    14 ||    24
  Dodge: Dodged            |    48 |    11 ||    59

Table legend:
 A = Non-vault XP
 B = Vault XP
 C = Vault XP percentage of total XP
 D = Non-vault monster count
 E = Vault monster count
 F = Vault count percentage of total count
                 A         B        C        D         E       F
            +---------+---------+-------+---------+---------+-------
      Total |     150 |     258 |  63.2 |      46 |       4 |   8.0
            +---------+---------+-------+---------+---------+-------
        D:1 |      32 |       0 |   0.0 |      19 |       0 |   0.0
        D:2 |      49 |     251 |  83.7 |      14 |       2 |  12.5
        D:3 |      69 |       7 |   9.2 |      13 |       2 |  13.3
            +---------+---------+-------+---------+---------+-------
